 Dungeon Crawl Stone Soup version 0.30-a0-135-g630cfc4551 (webtiles) character file.

Game seed: 10934570147431915758

808 testman the Magician (level 7, -2/43 (46) HPs)
             Began as a Mummy Hedge Wizard on Sept 20, 2022.
             Was an Elder of Kikubaaqudgha.
             Shot with an arrow by a centaur (10 damage)
             ... on level 6 of the Dungeon.
             The game lasted 00:31:48 (7356 turns).

testman the Magician (Mummy Hedge Wizard)           Turns: 7356, Time: 00:31:50

HP:   -2/43 (46)    AC:  3    Str: 13    XL:     7   Next: 60%
MP:   15/15         EV: 12    Int: 15    God:    Kikubaaqudgha [****..]
Gold: 246           SH:  0    Dex: 12    Spells: 13/17 levels left

rFire   x . .      SeeInvis .    r - staff of death
rCold   + . .      Faith    +    (no shield)
rNeg    + + +      Spirit   .    b - +0 robe
rPois   ∞          Reflect  .    c - +0 hat
rElec   .          Harm     .    o - +0 cloak
rCorr   .          Rampage  .    (no gloves)
Will    .....                    (no boots)
Stlth   ++........               (no amulet)
HPRegen 0.14/turn                (no ring)
MPRegen 0.14/turn                (no ring)

@: drained
A: cold resistance 1, negative energy resistance 3, torment resistance 2, heat
vulnerability 1, in touch with death 1, no potions, faith
a: Renounce Religion, Unearth Wretches


You were on level 6 of the Dungeon.
You worshipped Kikubaaqudgha.
Kikubaaqudgha was greatly pleased with you.
You visited 1 branch of the dungeon, and saw 6 of its levels.

You collected 246 gold pieces.

Inventory:

Hand Weapons
 a - a +0 dagger
 g - a +2 whip of venom
 p - the +5 mace of Quantum Leap {freeze, Will- rCorr Str+4}
   (You found it on level 3 of the Dungeon)

   It freezes those it strikes, dealing additional cold damage.
   It can also slow down cold-blooded creatures.
   Str:       It affects your strength (+4).
   rCorr:     It protects you from acid and corrosion.
   Will:      It decreases your willpower.
 t - a +2 dagger of protection
Missiles
 e - 9 poisoned darts
 s - 8 boomerangs
Armour
 b - a +0 robe (worn)
 c - a +0 hat (worn)
 o - a +0 cloak (worn)
Magical Staves
 r - a staff of death (weapon)
Scrolls
 d - a scroll of vulnerability {unknown}
 f - 6 scrolls of teleportation {unknown}
 h - 3 scrolls of identify {unknown}
 i - 5 scrolls of enchant weapon {unknown}
 j - 3 scrolls of enchant armour {unknown}
 k - a scroll of fear {unknown}
 l - a scroll of acquirement {unknown}
 m - a scroll of amnesia {unknown}
 n - 2 scrolls of fog {unknown}
 q - a scroll of brand weapon {unknown}


   Skills:
 - Level 1.5 Dodging
 - Level 1.5 Stealth
 + Level 5.8 Spellcasting
 - Level 2.0 Conjurations
 - Level 0.7 Summonings
 + Level 4.7 Necromancy
 - Level 0.7 Translocations
 - Level 3.0 Air Magic
 - Level 3.0 Poison Magic


You had 13 spell levels left.
You knew the following spells:

 Your Spells              Type           Power      Damage    Failure   Level
a - Magic Dart            Conj           40%        1d5       7%          1
b - Cigotuvi's Dreadful   Necr/Pois/Air  68%        N/A       5%          2
c - Necrotise             Necr           100%       1d9       2%          1

Your spell library contained the following spells:

 Spells                   Type           Power      Damage    Failure   Level
 Slow                     Hex            16%        N/A       16%         1
 Mephitic Cloud           Conj/Pois/Air  12%        N/A       16%         3
 Blink                    Tloc           12%        N/A       17%         2
 Call Imp                 Summ           6%         N/A       17%         2
 Animate Dead             Necr           42%        N/A       22%         4
 Dispel Undead            Necr           42%        3d17      22%         4
 Gell's Gravitas          Tloc           6%         N/A       32%         3
 Teleport Other           Tloc           6%         N/A       32%         3
 Frozen Ramparts          Ice            8%         1d2       41%         3
 Anguish                  Hex/Necr       12%        N/A       50%         4
 Agony                    Necr           42%        N/A       52%         5
 Summon Ice Beast         Ice/Summ       5%         N/A       78%         4
 Borgnjor's Vile Clutch   Necr/Erth      12%        N/A       83%         5
 Death Channel            Necr           21%        N/A       97%         6
 Dispersal                Tloc           3%         N/A       100%        6
 Simulacrum               Ice/Necr       12%        N/A       100%        6
 Ice Form                 Ice/Tmut       Unusable   N/A       N/A         4

Dungeon Overview and Level Annotations

Branches:
Dungeon (6/15)             Temple (0/1) D:4

Altars:
Hepliaklqana
Kikubaaqudgha


Innate Abilities, Weirdness & Mutations

You are immune to poison.
Your flesh is cold resistant. (rC+)
You are immune to negative energy. (rN+++)
You are immune to unholy pain and torment.
You are vulnerable to heat. (rF-)
You are in touch with the powers of death.
You do not drink.
You have a special connection with the divine. (Faith)


Message History

Press: ? - help, Q - select action, (/) - cycle Shift-Dir - straight line, f/p - adder
Aim: an adder (heavily wounded, chance to affect: 88%)
You feel a strong surge of power!
The adder writhes in agony.
The adder bites you.
Aiming: Necrotise (safe; 2% risk of failure)
Press: ? - help, Q - select action, (/) - cycle Shift-Dir - straight line, f/p - adder
Aim: an adder (almost dead, chance to affect: 88%)
You feel a strong surge of power!
The adder barely resists.
The adder misses you.
Aiming: Necrotise (safe; 2% risk of failure)
Press: ? - help, Q - select action, (/) - cycle Shift-Dir - straight line, f/p - adder
Aim: an adder (almost dead, chance to affect: 88%)
You feel a strong surge of power!
The adder writhes in agony!
You kill the adder!
Kikubaaqudgha accepts your kill.
The dead are slithering!
e - 9 poisoned darts (gained 2) HP restored.
Magic restored.
You swap places.
A centaur comes into view.
The centaur shouts!
You hear a shout!
The centaur wields a +0 shortbow.
The centaur shoots an arrow.
The arrow hits you.
A centaur comes into view.
The centaur shoots an arrow.
The arrow closely misses you.
The centaur wields a +0 shortbow.
The centaur shoots an arrow.
The arrow hits you!
The centaur shoots an arrow.
The arrow barely misses you. The arrow hits your adder skeleton!
Found a stone staircase leading down.
The centaur shoots an arrow.
The arrow hits you!
The centaur shoots an arrow.
The arrow hits you!
* * * LOW HITPOINT WARNING * * *
You swap places.
The centaur shoots an arrow.
The arrow barely misses your adder skeleton.
The arrow hits you.
* * * LOW HITPOINT WARNING * * *
The centaur shoots an arrow.
The arrow hits your adder skeleton.
The centaur shoots an arrow.
The arrow hits you!
You die...
Kikubaaqudgha rasps: "You have failed me!
Welcome... oblivion!"

##.# #### .... ..#
..... #.# >....
#<# ......
#.####......
#####..@........
..................
###########Z......
....... ....c..
...c... ..#.###
..... ### ##


You could see 2 centaurs and a friendly adder skeleton.

Vanquished Creatures
  A black bear (D:3)
  A centaur (D:5)
  A scorpion (D:4)
  A hound (D:5)
  A jelly (D:5)
  3 iguanas
  Natasha (twice) (D:2)
  14 gnolls
  15 adders
  3 worms
  A dart slug (D:1)
  12 orcs
  7 ball pythons
  7 endoplasms
  4 giant cockroaches
  5 goblins
  9 hobgoblins
  4 jackals
  7 kobolds
  A quokka (D:4)
  3 bats
  4 frilled lizards
  7 rats
113 creatures vanquished.

Vanquished Creatures (collateral kills)
  A gnoll (D:4)
  An orc (D:3)
  A ball python (D:2)
  A rat (D:3)
4 creatures vanquished.

Grand Total: 117 creatures vanquished

Notes
Turn   | Place    | Note
-------+----------+-------------------------------------------
     0 | D:1      | testman the Mummy Hedge Wizard began the quest for the Orb.
     0 | D:1      | Reached XP level 1. HP: 13/13 MP: 5/5
    97 | D:1      | Reached skill level 1 in Conjurations
   333 | D:1      | Reached XP level 2. HP: 19/19 MP: 5/7
   336 | D:1      | Learned a level 2 spell: Cigotuvi's Dreadful Rot
   378 | D:1      | Found a faded altar of an unknown god.
   387 | D:1      | Prayed at the altar of an unknown god.
   387 | D:1      | Became a worshipper of Kikubaaqudgha
   387 | D:1      | Reached * piety under Kikubaaqudgha
   387 | D:1      | Received a gift from Kikubaaqudgha
   990 | D:1      | Reached skill level 1 in Necromancy
  1280 | D:2      | Gained mutation: You are in touch with the powers of death.
                  | [Mummy growth]
  1280 | D:2      | Reached XP level 3. HP: 24/24 MP: 3/8
  1580 | D:2      | Reached ** piety under Kikubaaqudgha
  2015 | D:2      | Reached skill level 1 in Air Magic
  2015 | D:2      | Reached skill level 1 in Poison Magic
  2015 | D:2      | Reached XP level 4. HP: 5/28 MP: 3/10
  2602 | D:2      | Learned a level 1 spell: Necrotise
  2968 | D:2      | Noticed Natasha
  2971 | D:2      | Killed Natasha
  3078 | D:2      | Noticed Natasha
  3086 | D:2      | Killed Natasha
  3087 | D:2      | Reached XP level 5. HP: 27/35 MP: 7/11
  3996 | D:3      | Noticed a black bear
  4198 | D:3      | Reached *** piety under Kikubaaqudgha
  4198 | D:3      | Received a gift from Kikubaaqudgha
  4199 | D:3      | Reached XP level 6. HP: 25/39 MP: 2/12
  4211 | D:3      | Identified the +5 mace of Quantum Leap {freeze, Will- rCorr
                  | Str+4}
  5475 | D:4      | Reached XP level 7. HP: 44/46 MP: 11/13
  5516 | D:4      | Found a staircase to the Ecumenical Temple.
  5731 | D:5      | Entered Level 5 of the Dungeon
  6143 | D:5      | Reached skill level 5 in Spellcasting
  6388 | D:5      | Reached **** piety under Kikubaaqudgha
  7211 | D:5      | Found a hazy altar of Hepliaklqana.
  7356 | D:6      | Shot with an arrow by a centaur

Illustrated notes

Levels and vault maps discovered:
D:1:      scummos_arrival_simple_crosswalls, layout_basic,
          shapermc_ecumenical_altar_gd, minmay_misc_feat_chi,
          minmay_close_crescents
D:2:      minmay_spotlight, layout_loops_corners, hex_medium, minmay_domino_2,
          uniq_natasha
D:3:      layout_basic, moated_statue, grunt_ministairs_5
D:4:      layout_gridville, minmay_temple_entry_grid, minmay_misc_feat_encased
D:5:      layout_basic, lemuel_round_altar
D:6:      corexii_shack_village, layout_loops_ring, okawaru_ov_weapons_minmay,
          minivault_5, minmay_joined_circles, uniq_grinder

Skill      XL: |  1  2  3  4  5  6  7 |
---------------+----------------------+-----
Conjurations   | 1 2 |  2.0
Necromancy     | 1 2 3 4 |  4.7
Air Magic      | 1 2 3 |  3.0
Poison Magic   | 1 2 3 |  3.0
Spellcasting   | 5 |  5.8
Dodging        | |  1.5
Stealth        | |  1.5
Summonings     | |  0.7
Translocations | |  0.7

Action                   |  1- 3 |  4- 6 |  7- 9 || total
-------------------------+-------+-------+-------++-------
Melee: Whip              |    49 |    86 |     8 ||   143
       Staff             |       |       |     8 ||     8
       Punch             |       |       |     1 ||     1
 Cast: Magic Dart        |    68 |    24 |     6 ||    98
       Cigotuvi's Dreadf |     2 |     3 |     3 ||     8
       Necrotise         |       |   107 |    67 ||   174
 Stab: Sleeping          |       |     4 |       ||     4
Armor: Robe              |    13 |     6 |    11 ||    30
Dodge: Dodged            |    43 |    68 |    26 ||   137

Table legend: (Time is in decaauts)
 A = Elapsed time spent in this place.
 B = Non-inter-level travel time spent in this place.
 C = Inter-level travel time spent in this place.
 D = Time resting spent in this place.
 E = Time spent auto-exploring this place.
 F = Levels seen in this place.
 G = Mean time per level.
                   A        B        C        D        E       F      G
               +--------+--------+--------+--------+--------+-----+--------+
         Total |   7372 |   7057 |    315 |    341 |   5713 |   6 | 1228.7 |
       Dungeon |   7372 |   7057 |    315 |    341 |   5713 |   6 | 1228.7 |
               +--------+--------+--------+--------+--------+-----+--------+

Top non-repeatable levels by time:
     D:2: 1984 daAuts
     D:3: 1654 daAuts
     D:5: 1473 daAuts
     D:1: 1235 daAuts
     D:4: 991 daAuts
     D:6: 32 daAuts
